 Dungeon Crawl Stone Soup version 0.18-a0-455-gc7d4c65 (webtiles) character file.

25615 xeno23 the Zephyrmancer (level 12, -1/94 HPs)
             Began as a Demigod Air Elementalist on Dec 1, 2015.
             Slain by a six-headed hydra (9 damage)
             ... on level 4 of the Lair of Beasts.
             The game lasted 01:44:06 (16351 turns).

xeno23 the Zephyrmancer (Demigod Air Elementalist) Turns: 16351, Time: 01:44:06

Health: -1/94      AC:  9    Str: 23    XL:     12   Next: 55%
Magic:  7/32       EV: 16    Int: 19    God:
Gold:   918        SH:  0    Dex: 20    Spells: 6 memorised, 5 levels left

rFire  + . .     SeeInvis .     U - +7 falchion "Hait" {holy, rF+ Stlth+}
rCold  . . .     Clarity  +     Z - +0 troll leather armour
rNeg   . . .     SustAt   +     (no shield)
rPois  .         Gourm    .     I - +2 hat
rElec  .         Spirit   .     Q - +0 cloak
rCorr  .         Dsmss    .     (no gloves)
rMut   .         Stasis   .     m - +0 pair of boots
MR     +....                    n - amulet of clarity
Stlth  +++.......               T - +4 ring of strength
                                j - ring of Tubaarod {MP+9 Dex+4}

@: repel missiles, somewhat resistant to hostile enchantments, fairly stealthy
A: high mp 1, sustain attributes
a: no special abilities


You were on level 4 of the Lair of Beasts.
You were hungry.

You visited 2 branches of the dungeon, and saw 15 of its levels.
You also visited: Ossuary.

You collected 956 gold pieces.
You spent 38 gold pieces at shops.

Inventory:

Hand Weapons
 b - the +5 dagger "Newtbane" {antimagic, rC+}
   (You found it on level 1 of the Lair of Beasts)

   It disrupts the flow of magical energy around spellcasters and certain
   magical creatures (including the wielder).
   It protects you from cold.
 i - a +3 whip of venom
 U - the +7 falchion "Hait" (weapon) {holy, rF+ Stlth+}
   (You found it on level 9 of the Dungeon)

   It has been blessed by the Shining One to cause great damage to the undead
   and demons.
   It protects you from fire.
   It makes you more stealthy.
 Y - a +2 flail of protection
Missiles
 k - 24 poisoned needles
Armour
 m - a +0 pair of boots (worn)
 I - a +2 hat (worn)
 Q - a +0 cloak (worn)
 Z - a +0 troll leather armour (worn)
Jewellery
 d - an uncursed ring of flight
 j - the ring of Tubaarod (left hand) {MP+9 Dex+4}
   (You found it on level 9 of the Dungeon)

   [ring of magical power]

   It affects your dexterity (+4).
   It affects your magic capacity (+9).
 n - an amulet of clarity (around neck)
 s - an uncursed ring of protection from cold
 T - a +4 ring of strength (right hand)
Wands
 a - a wand of digging (8)
 t - a wand of polymorph (2)
 H - a wand of heal wounds (5)
Scrolls
 f - a scroll of identify
 g - a scroll of blinking
 h - 5 scrolls of remove curse
 q - 2 scrolls of enchant armour
 u - a scroll of amnesia
 v - 2 scrolls of enchant weapon
 w - 4 scrolls of teleportation
 x - a scroll of fear
 C - 2 scrolls of immolation {unknown}
 D - a scroll of silence {unknown}
 F - a scroll of fog
 M - 6 scrolls of magic mapping
 V - 5 scrolls of recharging
Potions
 l - a potion of invisibility
 o - 3 potions of resistance
 p - 2 potions of brilliance
 z - 3 potions of mutation
 A - 2 potions of haste
 B - 7 potions of curing
 N - 3 potions of agility
 O - a potion of magic
 P - 2 potions of heal wounds
 W - 3 potions of berserk rage
Books
 y - a book of Changes

   Spells                             Type                      Level
   a - Beastly Appendage              Transmutation                1
   b - Sticks to Snakes               Transmutation                2
   c - Spider Form                    Transmutation/Poison         3
   d - Ice Form                       Ice/Transmutation            4
   e - Blade Hands                    Transmutation                5
 G - a book of Unlife

   Spells                             Type                      Level
   a - Recall                         Summoning/Translocation      3
   b - Animate Dead                   Necromancy                   4
   c - Control Undead                 Necromancy                   4
   d - Cigotuvi's Embrace             Necromancy                   5
   e - Death Channel                  Necromancy                   6
   f - Simulacrum                     Ice/Necromancy               6
Comestibles
 c - 6 bread rations
 r - 11 fruits
 E - 2 meat rations
 J - 2 chunks of flesh


   Skills:
 + Level 5.3 Fighting
 * Level 7.6 Long Blades
 + Level 5.1 Armour
 + Level 5.5 Dodging
 - Level 1.7 Stealth
 + Level 5.2 Spellcasting
 - Level 9.0 Conjurations
 + Level 5.3 Charms
 - Level 6.1 Necromancy
 - Level 10.0 Air Magic


You had 5 spell levels left.
You knew the following spells:

 Your Spells              Type           Power        Failure   Level  Hunger
a - Shock                 Conj/Air       ####         1%          1    None
b - Swiftness             Chrm/Air       ####....     1%          2    None
e - Regeneration          Chrm/Necr      ####......   4%          3    ##.....
q - Static Discharge      Conj/Air       #####...     1%          3    ##.....
r - Repel Missiles        Chrm/Air       ####..       1%          2    None
w - Lightning Bolt        Conj/Air       #####.....   10%         5    #####..


Dungeon Overview and Level Annotations

Branches:
Dungeon (11/15)            Temple (0/1) D:6            Lair (4/8) D:11
    Orc (0/4) D:10
  Swamp: Lair:3-6    Shoals: Lair:3-6     Snake: Lair:3-6    Spider: Lair:3-6

Shops:
D:5 *   D:7 }


Innate Abilities, Weirdness & Mutations

You have an increased reservoir of magic (+10% MP).
Your attributes are resistant to harm.


Message History

Aiming: Lightning Bolt
Press: ? - help, Shift-Dir - straight line, f/p - six-headed hydra
Aim: a six-headed hydra (lightly wounded)
You hear a mighty clap of thunder!
The bolt of lightning hits the six-headed hydra.
The six-headed hydra is heavily wounded.
The bolt of lightning hits the six-headed hydra.
The six-headed hydra is heavily wounded.
You hear a bellow!
You hear a croak.
You hear a croak.
You hear a loud, deep croak!
The six-headed hydra bites you! x4
The six-headed hydra bites you. The six-headed hydra bites you!
* * * LOW HITPOINT WARNING * * *
You take 57 damage.
The six-headed hydra bites you!
* * * LOW HITPOINT WARNING * * *
The six-headed hydra bites you!
* * * LOW HITPOINT WARNING * * *
The six-headed hydra bites you!
You die...

######..P# ##..## #w
##÷.### . ######.'#†.# .#
#.........## ..##.
#..........## #.#..#
#..........P# #####......
##........Y#####P.#†......
#..........'.@D....+
#...........#...P#.#
#######P############ ###


You could see a six-headed hydra and a sheep.

Vanquished Creatures
  Gastronok (Lair:1)
  The ghost of George the Carver, a journeyman MiFi of Okawaru (D:11)
  6 death yaks
  Pikel (D:4)
  2 hill giants
  2 manticores
  Maurice (D:9)
  A gargoyle (D:11)
  Joseph (D:7)
  2 torpor snails
  4 spiny frogs
  4 komodo dragons
  A tengu conjurer (D:9)
  A troll (D:10)
  5 blink frogs
  Sigmund (D:2)
  9 yaks
  5 basilisks
  Grum (D:8)
  4 hungry ghosts
  A mottled dragon (D:9)
  3 hippogriffs
  A wyvern (D:11)
  14 wolves
  6 water moccasins
  Duvessa (D:4)
  5 porcupines
  4 ice beasts
  4 centaurs
  3 ogres
  2 black bears
  A sky beast (D:11)
  4 crocodiles
  A big kobold (D:7)
  Blork the orc (D:4)
  8 giant frogs
  Dowan (D:4)
  2 wyvern skeletons
  11 scorpions
  7 wights
  7 killer bees (D:11)
  A vampire bat (D:6)
  4 centaur zombies
  4 crimson imps
  8 hounds
  A giant frog zombie (D:10)
  2 jellies
  8 orc wizards
  3 giant frog skeletons
  3 human zombies (Ossuary)
  3 iguanas
  Ijyb (D:3)
  2 centaur skeletons
  4 worker ants
  6 sheep (Lair:4)
  2 killer bee zombies
  3 mummies (Ossuary)
  A hound skeleton (D:5)
  3 worker ant zombies
  12 gnolls
  73 river rats
  8 scorpion zombies (Ossuary)
  11 adders
  5 shadow imps
  An ooze (D:5)
  3 adder skeletons
  An adder zombie (D:4)
  2 worms
  2 giant geckos
  26 orcs
  4 ball pythons
  4 bats
  3 bat skeletons (D:6)
  2 bat zombies (D:6)
  9 giant cockroaches
  A gnoll zombie (Ossuary)
  5 goblins
  5 hobgoblins
  17 jackals
  4 quokkas
  A giant gecko skeleton (D:8)
  5 giant newts
  2 goblin zombies (Ossuary)
  A hobgoblin zombie (Ossuary)
  A jackal skeleton (D:8)
  11 kobolds
  3 kobold zombies (Ossuary)
  An orc zombie (Ossuary)
  A quokka skeleton (D:5)
  14 rats
437 creatures vanquished.

Vanquished Creatures (others)
  2 gnolls (D:4)
  An orc (D:6)
  17 fungi
  5 plants
25 creatures vanquished.

Grand Total: 462 creatures vanquished

Notes
Turn   | Place    | Note
--------------------------------------------------------------
     0 | D:1      | xeno23 the Demigod Air Elementalist began the quest for the Orb.
     0 | D:1      | Reached XP level 1. HP: 14/14 MP: 5/5
   390 | D:1      | Reached XP level 2. HP: 5/20 MP: 3/7
   509 | D:1      | Reached skill level 1 in Conjurations
   509 | D:1      | Reached skill level 3 in Air Magic
  1004 | D:1      | Reached XP level 3. HP: 26/26 MP: 7/9
  1418 | D:2      | Noticed Sigmund
  1850 | D:3      | Reached XP level 4. HP: 21/33 MP: 0/11
  2093 | D:3      | Noticed Ijyb
  2104 | D:3      | Killed Ijyb
  2124 | D:3      | Learned a level 2 spell: Swiftness
  2127 | D:3      | Learned a level 2 spell: Repel Missiles
  2131 | D:3      | Learned a level 3 spell: Static Discharge
  2763 | D:2      | Killed Sigmund
  2763 | D:2      | Reached skill level 4 in Air Magic
  2763 | D:2      | Reached XP level 5. HP: 20/38 MP: 2/13
  2845 | D:4      | Reached XP level 6. HP: 14/45 MP: 0/14
  3001 | D:4      | Noticed Duvessa
  3095 | D:4      | Noticed Pikel
  3378 | D:3      | Reached skill level 5 in Air Magic
  3438 | D:4      | Noticed Dowan
  3469 | D:4      | Found a sand-covered staircase.
  3474 | Ossuary  | Entered an ossuary
  3715 | Ossuary  | Reached XP level 7. HP: 37/50 MP: 8/16
  4529 | Ossuary  | Reached skill level 5 in Spellcasting
  4537 | Ossuary  | Reached skill level 6 in Air Magic
  4580 | Ossuary  | Reached XP level 8. HP: 43/57 MP: 3/19
  4681 | D:4      | Killed Duvessa
  4681 | D:4      | Reached skill level 5 in Conjurations
  4682 | D:4      | Killed Dowan
  4848 | D:4      | Identified the Compendium of Stolen Souls
  4853 | D:4      | Learned a level 3 spell: Regeneration
  4911 | D:4      | Killed Pikel
  4911 | D:4      | Reached skill level 7 in Air Magic
  5002 | D:4      | Noticed Blork the orc
  5007 | D:4      | Killed Blork the orc
  5190 | D:5      | Entered Level 5 of the Dungeon
  5205 | D:5      | Learned a level 5 spell: Lightning Bolt
  5218 | D:5      | You fall through a shaft!
  5357 | D:6      | Found an iron altar of Okawaru.
  5487 | D:5      | Reached XP level 9. HP: 62/62 MP: 1/20
  5619 | D:5      | Reached skill level 8 in Air Magic
  5979 | D:5      | Found Nouzanut's General Store.
  5983 | D:5      | Bought a scroll of fear for 38 gold pieces
  6597 | D:6      | Found a sacrificial altar of Ru.
  6699 | D:6      | Found an ancient bone altar of Kikubaaqudgha.
  6846 | D:6      | Found a staircase to the Ecumenical Temple.
  7283 | D:7      | Found Wanojuu's Gadget Shoppe.
  7300 | D:7      | Reached skill level 9 in Air Magic
  7571 | D:7      | Noticed Joseph
  7584 | D:7      | Found a shimmering altar of Xom.
  7585 | D:7      | Found a shimmering altar of Xom.
  7585 | D:7      | Found a shimmering altar of Xom.
  7586 | D:7      | Found a shimmering altar of Xom.
  7785 | D:7      | Killed Joseph
  8074 | D:8      | Found a white marble altar of Elyvilon.
  8142 | D:8      | Noticed Grum
  8152 | D:8      | Killed Grum
  8280 | D:8      | Reached XP level 10. HP: 30/69 MP: 8/21
  8740 | D:8      | Found a blossoming altar of Fedhas.
  9298 | D:9      | Reached skill level 1 in Long Blades
  9334 | D:9      | Noticed Maurice
  9440 | D:9      | Got an ichor-stained falchion
  9441 | D:9      | Identified the +7 falchion "Hait" {holy, rF+ Stlth+} (You found it on level 9 of the Dungeon)
  9467 | D:9      | Noticed a hill giant
  9474 | D:9      | Killed a hill giant
  9474 | D:9      | Reached skill level 1 in Fighting
  9474 | D:9      | Reached skill level 1 in Armour
  9474 | D:9      | Reached skill level 1 in Charms
  9476 | D:9      | Noticed a manticore
  9701 | D:9      | Got a slimy bone ring
  9820 | D:9      | Identified the ring of Tubaarod {MP+9 Dex+4} (You found it on level 9 of the Dungeon)
  9867 | D:9      | Got a warped hand axe
  9868 | D:9      | Identified the +8 hand axe "Fiukhemi" {venom, *Drain rF- Str+4 Int+5} (You found it on level 9 of the Dungeon)
  9918 | D:9      | Killed Maurice
 10045 | D:9      | Found a blossoming altar of Fedhas.
 10130 | D:10     | Entered Level 10 of the Dungeon
 10130 | D:10     | Found a staircase to the Orcish Mines.
 10277 | D:10     | Killed a manticore
 10277 | D:10     | Reached skill level 10 in Air Magic
 10823 | D:10     | Noticed a hill giant
 10832 | D:10     | Killed a hill giant
 11179 | D:11     | Reached skill level 1 in Necromancy
 11227 | D:11     | Found a staircase to the Lair.
 11254 | D:11     | Noticed a manticore
 11280 | D:11     | Killed a manticore
 11280 | D:11     | Reached XP level 11. HP: 53/81 MP: 3/22
 11682 | D:11     | Noticed George's ghost (journeyman MiFi)
 11937 | D:11     | Killed George's ghost
 12319 | Lair:1   | Entered Level 1 of the Lair of Beasts
 12389 | Lair:1   | Found a glowing silver altar of Zin.
 12558 | Lair:1   | Reached skill level 5 in Long Blades
 12633 | Lair:1   | Got an ichor-stained dagger
 12634 | Lair:1   | Identified the +5 dagger "Newtbane" {antimagic, rC+} (You found it on level 1 of the Lair of Beasts)
 12652 | Lair:1   | Noticed Gastronok
 12804 | Lair:1   | Killed Gastronok
 14665 | Lair:3   | Reached skill level 5 in Necromancy
 14695 | Lair:3   | Reached XP level 12. HP: 68/92 MP: 1/23
 14877 | Lair:3   | Reached skill level 5 in Dodging
 15436 | Lair:2   | Reached skill level 5 in Fighting
 15442 | Lair:2   | Reached skill level 5 in Charms
 15807 | Lair:3   | Reached skill level 5 in Armour
 16342 | Lair:4   | Noticed a six-headed hydra
 16351 | Lair:4   | Slain by a six-headed hydra

Vault maps used:
D:1:      dpeg_arrival_three_bigger_balls, minmay_rat_gold_closets
D:2:      hangedman_decor_points, uniq_sigmund
D:3:      interstate_on_off, minmay_strange_pillars, serial_bayou_pond_b,
          uniq_iyjb
D:4:      first_bread, nicolae_ossuary_entry_false_entrances, uniq_pikel,
          uniq_duvessa, uniq_blork_the_orc
D:5:      serial_shops, shop
D:6:      kennysheep_vampire_church, lemuel_temple_firewalk_marked, basic_altar,
          nicolae_ru_path_of_blood
D:7:      xom_redecorated, serial_shops, shop, uniq_joseph
D:8:      elyvilon_altar_1, hangedman_tree_tricks, uniq_grum
D:9:      minmay_tri_box, fedhas_altar_4, uniq_maurice
D:10:     kennysheep_generic_room_14
D:11:     lair_0_dummy
Lair:1:   basic_altar, uniq_gastronok
Lair:2:   serial_bayou_shore_b
Lair:3:   grunt_megastairs_1
Lair:4:   minmay_swamp_entry_worms, uniq_rupert
Ossuary:  ossuary_minmay_scorpions

Action                   |  1- 3 |  4- 6 |  7- 9 | 10-12 || total
-------------------------+-------+-------+-------+-------++-------
Melee: Unarmed           |    50 |    16 |       |       ||    66
       Falchion          |       |    10 |    11 |   289 ||   310
       Whip              |       |    17 |    64 |    13 ||    94
 Cast: Shock             |    89 |   117 |   348 |   475 ||  1029
       Repel Missiles    |       |     1 |     3 |       ||     4
       Regeneration      |       |       |     4 |     8 ||    12
       Lightning Bolt    |       |       |    15 |    81 ||    96
       Static Discharge  |       |       |     7 |    45 ||    52
       Swiftness         |       |       |     3 |     3 ||     6
Evoke: Wand              |       |       |     1 |     2 ||     3
  Use: Scroll            |       |     5 |    14 |    13 ||    32
       Potion            |       |     1 |       |     2 ||     3
 Stab: Sleeping          |     1 |       |     1 |     6 ||     8
       Distracted        |       |       |       |     1 ||     1
  Eat: Chunk             |     3 |     6 |    13 |    36 ||    58
       Royal jelly       |       |       |     2 |     1 ||     3
       Fruit             |       |       |     2 |    11 ||    13
       Pizza             |       |       |     1 |     1 ||     2
       Meat ration       |       |       |       |     2 ||     2
